 Dungeon Crawl Stone Soup version 0.25-a0-474-ga8a2ee3166 (webtiles) character file.

Game seed: 7266279125500701447, levelgen mode: deterministic

5887 HawFromDerth the Fighter (level 10, -1/109 HPs)
             Began as a Deep Dwarf Berserker on Feb 8, 2020.
             Was a High Priest of Trog.
             Slain by a komodo dragon (20 damage)
             ... on level 1 of the Lair of Beasts.
             The game lasted 01:15:46 (9486 turns).

HawFromDerth the Fighter (Deep Dwarf Berserker)     Turns: 9486, Time: 01:15:46

Health: -1/109     AC: 15    Str: 24    XL:     10   Next: 52%
Magic:  1/1        EV:  8    Int:  6    God:    Trog [*****.]
Gold:   386        SH:  0    Dex: 12    Spells: 9/9 levels left

rFire    . . .     SeeInvis .   a - +0 war axe
rCold    . . .     Gourm    .   (no shield)
rNeg     . . .     Faith    .   v - +1 plate armour
rPois    .         Spirit   .   (helmet restricted)
rElec    .         Reflect  .   k - +1 cloak
rCorr    .         Harm     .   (no gloves)
MR       ++...                  (no boots)
Stlth    ..........             n - amulet of the acrobat
HPRegen  0.00/turn              f - ring of flight
MPRegen  0.07/turn              (no ring)

@: non-regenerating
A: damage resistance, heal wounds, horns 1, dopey 1, magic resistance 1, sense
surroundings 2, no regeneration
a: Heal Wounds, Berserk, Trog's Hand, Brothers in Arms, Renounce Religion, Evoke
Flight


You were on level 1 of the Lair of Beasts.
You worshipped Trog.
Trog was extremely pleased with you.
You were not hungry.

You visited 2 branches of the dungeon, and saw 10 of its levels.
You also visited: Ossuary.

You collected 533 gold pieces.
You spent 147 gold pieces at shops.

Inventory:

Hand Weapons
 a - a +0 war axe (weapon)
 j - a +0 short sword of venom
 y - the +7 captain's cutlass {speed, disarm}
   (Trog gifted it to you on level 8 of the Dungeon)

   Attacks with this weapon are significantly faster.
Missiles
 q - 6 silver boomerangs (quivered)
Armour
 k - a +1 cloak (worn)
 m - a +0 helmet
 v - a +1 plate armour (worn)
Jewellery
 e - an uncursed ring of fire {unknown}
 f - a ring of flight (left hand)
 n - an amulet of the acrobat (around neck)
Wands
 i - a wand of disintegration (10)
 s - a wand of random effects (14)
 w - a wand of iceblast (10)
 z - a wand of paralysis (4)
 B - a wand of acid (2)
Scrolls
 b - 5 scrolls of identify
 d - a scroll of immolation {unknown}
 l - 2 scrolls of teleportation
 o - 5 scrolls of remove curse
 t - a scroll of enchant weapon {unknown}
Potions
 g - a potion of heal wounds
 h - 7 potions of haste
 p - a potion of flight
 r - a potion of mutation
 u - a potion of lignification
 A - a potion of berserk rage
Comestibles
 c - 20 rations


   Skills:
 * Level 12.7 Fighting
 - Level 1.5 Short Blades
 - Level 6.3 Axes
 - Level 5.2 Armour
 - Level 3.4 Dodging
 - Level 0.6 Stealth
 + Level 1.7 Evocations


You had 9 spell levels left.
You didn't know any spells.
Your spell library was empty.

Dungeon Overview and Level Annotations

Branches:
Dungeon (9/15)             Temple (0/1) D:7            Lair (1/6) D:9
Ossuary (visited)
    Orc: D:9-12

Altars:
Ashenzari
Dithmenos
Hepliaklqana
Kikubaaqudgha
Makhleb
Okawaru
Qazlal
Sif Muna
Vehumet
The Shining One

Shops:
D:7 ?


Innate Abilities, Weirdness & Mutations

You are resistant to damage.
You can heal yourself by infusing magical energy.
You passively map the area around you.
You do not regenerate.
You have a pair of small horns on your head.
You are dopey. (Int -2)
You are resistant to hostile enchantments. (MR+)


Message History

The komodo dragon bites you!
You barely miss the komodo dragon. Your headbutt misses the komodo dragon.
The komodo dragon is lightly wounded.
The komodo dragon bites you but does no damage.
Your plate armour prevents you from hitting the komodo dragon.
The komodo dragon is lightly wounded.
The komodo dragon bites you!
The komodo dragon completely misses you.
You hit the komodo dragon but do no damage.
The komodo dragon bites you but does no damage.
You closely miss the komodo dragon. Your headbutt misses the komodo dragon.
The komodo dragon bites you.
You barely miss the komodo dragon.
You headbutt the komodo dragon, but do no damage.
The komodo dragon bites you!!
* * * LOW HITPOINT WARNING * * *
You slice the komodo dragon!! Your headbutt misses the komodo dragon.
The komodo dragon is heavily wounded.
The komodo dragon bites you!!
You die...

#..#.......#.. ,
##..#.......#..
,,* .............
*#..P.......#, .
,, #..#.......
,.. ,
#..##..#.#+#...
,** *
##.<............
* * ,
#...............,
, ,
##......@.......
, #......l.......
, ,
#...###.#......,
* #..## #.###....
** #..# ... ....
* #..# ...# ...
#.. ,...# , .. *
*, * ....# ,, ,
,,, * *, , ,,


You could see a komodo dragon.

Vanquished Creatures
  An unseen horror (D:9)
  Pikel (D:6)
  The ghost of grizmgrazm2 the Poker, a novice DsAK of Lugonu (D:3)
  Grinder (D:3)
  A hippogriff (D:9)
  A human (D:9)
  4 hogs (D:9)
  Duvessa (D:5)
  A porcupine (Lair:1)
  3 slaves (D:6)
  An orc warrior (D:8)
  3 phantoms
  2 necrophages
  4 ogres
  5 centaurs
  2 big kobolds
  5 bullfrogs
  Dowan (D:5)
  3 scorpions
  A water moccasin skeleton (D:3)
  4 wights (D:6)
  5 howler monkeys
  3 crimson imps
  3 orc priests
  2 hounds
  2 bullfrog skeletons
  An iguana (D:4)
  5 worker ants
  3 orc wizards
  2 killer bee zombies
  3 hound skeletons
  A worker ant zombie (D:6)
  13 adders
  8 gnolls
  3 shadow imps
  4 oozes
  An adder skeleton (D:6)
  2 worms (D:3)
  2 dart slugs (D:2)
  7 leopard geckos
  20 orcs
  A ball python (D:3)
  5 bats
  5 giant cockroaches
  11 goblins
  6 hobgoblins
  20 jackals
  A quokka (D:6)
  6 frilled lizards
  27 kobolds
  A kobold zombie (Ossuary)
  4 rats
  2 withered plants (D:3)
225 creatures vanquished.

Vanquished Creatures (collateral kills)
  An ogre (D:5)
  An iguana (D:5)
2 creatures vanquished.

Vanquished Creatures (others)
  A hound (D:6)
  An adder (D:6)
  An orc (D:6)
3 creatures vanquished.

Grand Total: 230 creatures vanquished

Notes
Turn   | Place    | Note
-------+----------+-------------------------------------------
     0 | D:1      | HawFromDerth the Deep Dwarf Berserker began the quest for
                  | the Orb.
     0 | D:1      | Reached XP level 1. HP: 20/20 MP: 1/1
    73 | D:1      | Reached XP level 2. HP: 18/27 MP: 2/2
   804 | D:1      | Reached skill level 3 in Fighting
   953 | D:1      | Reached XP level 3. HP: 29/34 MP: 3/3
   967 | D:1      | Reached ** piety under Trog
  1553 | D:2      | You fall into a shaft and drop 1 floor!
  1660 | D:3      | Reached XP level 4. HP: 28/42 MP: 3/3
  1690 | D:3      | Reached XP level 5. HP: 39/49 MP: 4/4
  1858 | D:3      | Found an ancient bone altar of Kikubaaqudgha.
  2104 | D:3      | Found a transporter.
  2104 | D:3      | Noticed grizmgrazm2's ghost (novice DsAK)
  2107 | D:3      | Found a transporter.
  2238 | D:3      | Reached skill level 5 in Axes
  2361 | D:3      | Noticed Grinder
  2376 | D:3      | Paralysed by Grinder for 5 turns
  2386 | D:3      | Killed Grinder
  2386 | D:3      | Reached *** piety under Trog
  2386 | D:3      | Reached skill level 4 in Fighting
  2386 | D:3      | Reached XP level 6. HP: 23/57 MP: 3/3
  3356 | D:3      | Killed grizmgrazm2's ghost
  3356 | D:3      | Reached skill level 1 in Short Blades
  3356 | D:3      | Reached skill level 5 in Armour
  3356 | D:3      | Reached XP level 7. HP: 66/66 MP: 3/3
  4125 | D:2      | Reached skill level 5 in Fighting
  4151 | D:2      | Found a shimmering blue altar of Sif Muna.
  4504 | D:4      | Found a shattered altar of Ashenzari.
  4687 | D:4      | Found a shadowy altar of Dithmenos.
  4762 | D:4      | Found a sand-covered staircase.
  4769 | Ossuary  | Entered an ossuary
  5012 | D:4      | Reached XP level 8. HP: 42/75 MP: 4/4
  5049 | D:4      | Found a radiant altar of Vehumet.
  5129 | D:5      | Entered Level 5 of the Dungeon
  5145 | D:5      | Reached **** piety under Trog
  5185 | D:5      | Reached skill level 6 in Fighting
  5331 | D:5      | Reached skill level 7 in Fighting
  5635 | D:5      | Found a glowing golden altar of the Shining One.
  5706 | D:5      | Noticed Duvessa
  5706 | D:5      | Noticed Dowan
  5728 | D:5      | Killed Duvessa
  5728 | D:5      | Reached skill level 8 in Fighting
  5743 | D:5      | Killed Dowan
  6011 | D:6      | Noticed Pikel
  6028 | D:6      | Killed Pikel
  6028 | D:6      | Reached skill level 9 in Fighting
  6028 | D:6      | Gained mutation: You passively map the area around you.
                  | [Deep Dwarf growth]
  6028 | D:6      | Reached XP level 9. HP: 92/92 MP: 2/2
  6166 | D:6      | Gained mutation: You have a pair of small horns on your
                  | head. [potion of mutation]
  6166 | D:6      | Gained mutation: You are dopey. (Int -2) [potion of
                  | mutation]
  6166 | D:6      | Gained mutation: You are resistant to hostile enchantments.
                  | (MR+) [potion of mutation]
  6285 | D:6      | Found the +7 pair of quick blades "Gyre" and "Gimble"
                  | {protect}
  6366 | D:6      | Reached skill level 10 in Fighting
  6974 | D:7      | Found a hazy altar of Hepliaklqana.
  6998 | D:7      | Reached skill level 1 in Evocations
  7184 | D:7      | Found a staircase to the Ecumenical Temple.
  7234 | D:7      | Found Pogof's Magic Scroll Boutique.
  7240 | D:7      | Bought a scroll of enchant armour for 105 gold pieces
  7240 | D:7      | Bought a scroll of remove curse for 42 gold pieces
  7303 | D:7      | Reached skill level 11 in Fighting
  7337 | D:7      | Found a stormy altar of Qazlal.
  7691 | D:7      | Found a burning altar of Makhleb.
  8087 | D:8      | Reached ***** piety under Trog
  8087 | D:8      | Received a gift from Trog
  8088 | D:8      | Found the +7 captain's cutlass {speed, disarm}
  8238 | D:8      | Reached XP level 10. HP: 82/105 MP: 2/2
  8378 | D:8      | Found an iron altar of Okawaru.
  8740 | D:9      | Killed an unseen horror
  8758 | D:9      | Found a staircase to the Lair.
  8931 | D:9      | Reached skill level 12 in Fighting
  9468 | Lair:1   | Entered Level 1 of the Lair of Beasts
  9486 | Lair:1   | Slain by a komodo dragon

Levels and vault maps discovered:
D:1:      nzn_arrival_crosshair, layout_loops_ring
D:2:      layout_basic, lemuel_blue_sif_altar, first_ration
D:3:      cheibrodos_thug_alley, layout_loops_ring, kiku_gazebo_garden_becter,
          gammafunk_ghost_arena, uniq_grinder
D:4:      layout_basic, kennysheep_little_box, lemuel_coloured_pillars_altar,
          grunt_dithmenos_smoke_and_mirrors, enter_ossuary_2,
          kennysheep_generic_room_16
D:5:      layout_loops_ring, kennysheep_mini_moat, uniq_duvessa
D:6:      layout_basic, uniq_pikel
D:7:      layout_gridville, overflow_temple_1_default,
          overflow_temple_1_default, lemuel_round_altar,
          minmay_temple_entry_arrows, serial_shops, nicolae_shop_trees
D:8:      layout_loops_cross, okawaru_altar_gauntlet_db
D:9:      layout_basic, lair_entry_dummy, grunt_livestock
Lair:1:   layout_regular_city, gauntlet_entry_generic, gammafunk_ghost_split

Skill      XL: |  1  2  3  4  5  6  7  8  9 10 |
---------------+-------------------------------+-----
Fighting       | 3 4 5 9 11 12 | 12.7
Axes           | 4 5 6 |  6.3
Armour         | 3 4 5 |  5.2
Dodging        | 3 |  3.4
Short Blades   | 1 |  1.5
Evocations     | 1 |  1.7
Stealth        | |  0.6

Action                   |  1- 3 |  4- 6 |  7- 9 | 10-12 || total
-------------------------+-------+-------+-------+-------++-------
Melee: Hand axe          |   133 |   210 |   445 |       ||   788
       Short sword       |       |    52 |   135 |       ||   187
       Headbutt          |       |       |    50 |    33 ||    83
       War axe           |       |       |    13 |   110 ||   123
Throw: Boomerang         |       |       |     4 |       ||     4
Invok: Berserk           |       |     3 |     4 |       ||     7
       Trog's Hand       |       |       |     1 |       ||     1
       Brothers in Arms  |       |       |     1 |       ||     1
 Abil: Heal Wounds       |     3 |     7 |    18 |     4 ||    32
Evoke: Wand              |       |       |     2 |       ||     2
  Use: Scroll            |     2 |     1 |     9 |       ||    12
       Potion            |       |       |    10 |     2 ||    12
  Eat: Chunk             |     2 |     5 |    22 |     4 ||    33
       Ration            |       |     1 |       |       ||     1
Armor: Animal skin       |     3 |       |       |       ||     3
       Ring mail         |    37 |    10 |       |       ||    47
       Chain mail        |       |    78 |   258 |       ||   336
       Plate armour      |       |       |    74 |    99 ||   173
Dodge: Dodged            |    94 |    79 |   316 |    84 ||   573

Table legend:
 A = Non-vault XP
 B = Vault XP
 C = Vault XP percentage of total XP
 D = Non-vault monster count
 E = Vault monster count
 F = Vault count percentage of total count
                 A         B        C        D         E       F
            +---------+---------+-------+---------+---------+-------
      Total |    5763 |    2647 |  31.5 |     189 |      33 |  14.9
            +---------+---------+-------+---------+---------+-------
        D:1 |      56 |       0 |   0.0 |      31 |       0 |   0.0
        D:2 |     139 |       0 |   0.0 |      27 |       0 |   0.0
        D:3 |     246 |     814 |  76.8 |      31 |      16 |  34.0
        D:4 |     189 |      17 |   8.3 |       8 |       2 |  20.0
        D:5 |     922 |     223 |  19.5 |      15 |       2 |  11.8
        D:6 |    1153 |     607 |  34.5 |      22 |       1 |   4.3
        D:7 |     765 |       0 |   0.0 |      17 |       0 |   0.0
        D:8 |     542 |      21 |   3.7 |      20 |       6 |  23.1
        D:9 |    1615 |     964 |  37.4 |      17 |       5 |  22.7
     Lair:1 |     136 |       0 |   0.0 |       1 |       0 |   0.0
    Ossuary |       0 |       1 | 100.0 |       0 |       1 | 100.0
            +---------+---------+-------+---------+---------+-------
